 Dungeon Crawl Stone Soup version 0.30.0-10-gfe55d96785 (webtiles) character file.

Game seed: 14232699736260106669

129 GigaChad the Shield-Bearer (level 5, 0/42 HPs)
             Began as a Formicid Fighter on May 14, 2023.
             Slain by a gnoll
             ... wielding a +0 halberd
             ... led by a gnoll sergeant
              (4 damage)
             ... on level 3 of the Dungeon.
             The game lasted 00:02:15 (1537 turns).

GigaChad the Shield-Bearer (Formicid Fighter)       Turns: 1537, Time: 00:02:16

Health: 0/42       AC: 10    Str: 22    XL:     5   Next: 35%
Magic:  5/5        EV:  8    Int: 14    God:
Gold:   73         SH:  5    Dex: 13    Spells: 4/4 levels left

rFire   . . .        a - +0 war axe
rCold   . . .        c - +0 buckler
rNeg    . . .        g - +1 chain mail
rPois   .            (helmet unavailable)
rElec   .            (no cloak)
rCorr   .            (no gloves)
SInv    +            (no boots)
Will    .....        (no amulet) Stlth
                     f - +6 ring of intelligence
HPRegen 0.27/turn    (no ring)
MPRegen 0.09/turn

%: no passive effects
@: no status effects
A: permanent stasis, dig shafts and tunnels, antennae 3, four strong arms
a: Dig, Shaft Self


You were on level 3 of the Dungeon.
You visited 1 branch of the dungeon, and saw 3 of its levels.

You collected 73 gold pieces.

Inventory:

Hand Weapons
 a - a +0 war axe (weapon)
Armour
 b - a +0 scale mail
 c - a +0 buckler (worn)
 g - a +1 chain mail (worn)
Jewellery
 f - a +6 ring of intelligence (left hand)
 k - a ring of poison resistance
 m - an amulet of regeneration
 o - a ring of flight
Scrolls
 h - a scroll of teleportation
 j - a scroll of magic mapping {unknown}
 l - a scroll of fog
 n - a scroll of fear {unknown}
Potions
 d - a potion of might
 e - 2 potions of magic {unknown}
 i - 2 potions of mutation {unknown}
 p - a potion of flight {unknown}


   Skills:
 * Level 4.0 Fighting
 * Level 3.7 Axes
 * Level 3.9 Armour
 * Level 4.8 Shields


You had 4 spell levels left.
You didn't know any spells.
Your spell library contained the following spells:

 Spells                   Type           Power      Damage    Failure   Level
 Poisonous Vapours        Pois/Air       0%         N/A       98%         2
 Mephitic Cloud           Conj/Pois/Air  0%         N/A       100%        3
 Freezing Cloud           Conj/Ice/Air   0%         6-21      100%        5


Dungeon Overview and Level Annotations

Branches:
Dungeon (3/15)

Altars:
Fedhas


Innate Abilities, Weirdness & Mutations

You cannot be hasted, slowed, berserked, paralysed or teleported.
You can dig through walls and to a lower floor.
You have a pair of large antennae on your head. (SInv)
Your four strong arms can wield two-handed weapons with a shield.


Message History

The gnoll sergeant hits you but does no damage.
You block the gnoll's attack.
You closely miss the gnoll.
The gnoll is almost dead.
You block the gnoll's attack.
The gnoll sergeant hits you from afar with a +0 heavy spear!
The gnoll hits you but does no damage.
You are too injured to fight recklessly!
You are too injured to fight recklessly!
You are too injured to fight recklessly!
You are too injured to fight recklessly!
You are too injured to fight recklessly!
You are too injured to fight recklessly!
You are too injured to fight recklessly!
You are too injured to fight recklessly!
You are too injured to fight recklessly!
You are too injured to fight recklessly!
You are too injured to fight recklessly!
You are too injured to fight recklessly!
You are too injured to fight recklessly!
You are too injured to fight recklessly!
You are too injured to fight recklessly!
You closely miss the gnoll.
The gnoll is almost dead.
The gnoll sergeant hits you from afar with a +0 heavy spear.
You block the gnoll's attack.
You slash the gnoll!
You kill the gnoll!
The gnoll sergeant hits you from afar with a +0 heavy spear!
* * * LOW HITPOINT WARNING * * *
Your Fighting skill increases to level 4!
The gnoll hits you from afar with a +0 halberd.
* * * LOW HITPOINT WARNING * * *
The gnoll sergeant hits you but does no damage.
You see here a +0 spear.
The gnoll sergeant blocks your attack. The gnoll barely misses you.
You block the gnoll sergeant's attack. The gnoll hits you but does no damage.
You barely miss the gnoll sergeant.
The gnoll hits you from afar with a +0 halberd.
You die...

.##.#.#.#.#
. ##.
...#.#.#
#..##.. ###
#†..#
.......
#.#.#######
#.#>#.
#.#........
#.#.
#.#.#######
#.#. #.#.#
#########...
{ #.#.#
#)........##
###@#
#.........+
#g#
#.........#
#g#
#######)..#
#g# +...#
#g.{ #...#
### #...#
#...# #...#
#...#


You could see a gnoll sergeant and 3 gnolls.

Vanquished Creatures
  Terence (D:2)
  Robin (D:2)
  A gnoll (D:3)
  An adder (D:2)
  2 worms (D:2)
  A dart slug (D:1)
  4 ball pythons
  7 endoplasms
  4 giant cockroaches
  19 goblins
  7 hobgoblins
  5 bats
  2 frilled lizards (D:2)
  4 kobolds
  4 rats (D:1)
63 creatures vanquished.

Notes
Turn   | Place    | Note
-------+----------+-------------------------------------------
     0 | D:1      | GigaChad the Formicid Fighter began the quest for the Orb.
     0 | D:1      | Reached XP level 1. HP: 18/18 MP: 1/1
   127 | D:1      | Reached XP level 2. HP: 24/24 MP: 2/2
   565 | D:1      | Reached XP level 3. HP: 17/29 MP: 3/3
   763 | D:2      | Reached XP level 4. HP: 34/36 MP: 4/4
   847 | D:2      | Noticed Terence
   853 | D:2      | Killed Terence
   886 | D:2      | Noticed Robin
   894 | D:2      | Killed Robin
   900 | D:2      | Reached XP level 5. HP: 16/41 MP: 5/5
  1395 | D:3      | Found a blossoming altar of Fedhas.
  1537 | D:3      | Slain by a gnoll

Illustrated notes

Levels and vault maps discovered:
D:1:      lightli_arrival_flooded_house, layout_loops_ring, minmay_hexomino_r4
D:2:      kennysheep_the_goblin_king, layout_rooms, serial_bayou,
          serial_bayou_pond_e, serial_bayou_pond_b, serial_bayou_pond_e,
          serial_bayou_pond_a, st_stairs_8, kennysheep_generic_room_16,
          uniq_robin, uniq_terence
D:3:      layout_basic, lemuel_tele_altar, gup_sewer_entry_spiral,
          uniq_crazy_yiuf_cottage

Skill      XL: |  1  2  3  4  5 |
---------------+----------------+-----
Axes           | 3 |  3.7
Fighting       | 4 |  4.0
Armour         | |  3.9
Shields        | |  4.8

Action                     |  1- 3 |  4- 6 || total
---------------------------+-------+-------++-------
  Melee: War axe           |    98 |    78 ||   176
Ability: Dig               |     2 |       ||     2
    Use: Scroll            |     1 |     4 ||     5
 Armour: Scale mail        |    37 |       ||    37
         Chain mail        |    25 |    46 ||    71
  Dodge: Dodged            |    59 |    41 ||   100
  Block: Buckler           |    30 |    28 ||    58
